 Dungeon Crawl Stone Soup version 0.21-a0-196-g6a663c0 (webtiles) character file.

118 namelastname112 the Skirmisher (level 4, -4/63 HPs)
             Began as a Draconian Wanderer on Aug 15, 2017.
             Slain by a hound (6 damage)
             ... on level 4 of the Dungeon.
             The game lasted 00:02:55 (1900 turns).

namelastname112 the Skirmisher (Draconian Wanderer) Turns: 1900, Time: 00:02:56

Health: -4/63      AC:  7    Str: 17    XL:     4   Next: 72%
Magic:  7/7        EV: 12    Int: 15    God:
Gold:   64         SH:  0    Dex: 11    Spells: 7/7 levels left

rFire    . . .     SeeInvis .   a - +2 spear
rCold    . . .     Gourm    +   (no shield)
rNeg     . . .     Faith    .   (armour unavailable)
rPois    .         Spirit   .   (helmet restricted)
rElec    .         Reflect  .   (no cloak)
rCorr    .         Harm     .   (no gloves)
MR       .....                  o - +1 pair of boots
Stlth    ..........             e - amulet of the gourmand
HPRegen  0.20/turn              (no ring)
MPRegen  0.10/turn              (no ring)

@: berserking, very quick
A: unfitting armour, cold-blooded, AC +5
a: no special abilities


You were on level 4 of the Dungeon.
You were very full.

You visited 1 branch of the dungeon, and saw 4 of its levels.

You collected 64 gold pieces.

Inventory:

Hand Weapons
 a - a +2 spear (weapon)
Armour
 o - a +1 pair of boots (worn)
Jewellery
 e - an amulet of the gourmand (around neck)
Scrolls
 c - a scroll of teleportation
 g - a scroll of remove curse
 i - a scroll of recharging {unknown}
 m - 4 scrolls of identify {unknown}
 p - a scroll of enchant armour {unknown}
Potions
 f - a potion of flight {unknown}
 h - a potion of haste {unknown}
 k - a potion of berserk rage
 l - 2 potions of might {unknown}
Books
 b - the Disquisition on Poison

   Spells                             Type                      Level
   a - Sting                          Conjuration/Poison           1
   b - Spider Form                    Transmutation/Poison         3
Comestibles
 d - 3 bread rations
 j - a meat ration
 n - a royal jelly


   Skills:
 + Level 5.0 Fighting
 - Level 1.0 Throwing
 + Level 2.5 Dodging
   Level 1.0 Shields
 - Level 2.0 Spellcasting
   Level 3.0 Necromancy


You had 7 spell levels left.
You didn't know any spells.

Dungeon Overview and Level Annotations

Branches:
Dungeon (4/15)
 Temple: D:4-7

Altars:

Annotations:
D:3 namelastname112's ghost, amateur DrWn
D:4 namelastname112's ghost, amateur DrWn


Innate Abilities, Weirdness & Mutations

Your plain brown scales are hard. (AC +5)
You cannot fit into any form of body armour.
You are cold-blooded and may be slowed by cold attacks.


Message History

The hound closely misses you.
You take 6 damage, and have 10/42 hp.
You completely miss the hound.
The hound is lightly wounded.
The hound bites you but does no damage. The hound barely misses you.
You barely miss the hound.
The hound is lightly wounded.
The hound bites you.
* * * LOW HITPOINT WARNING * * *
You take 5 damage, and have 5/42 hp.
You closely miss the hound.
The hound is lightly wounded.
The hound bites you.
* * * LOW HITPOINT WARNING * * *
The hound bites you but does no damage.
You take 4 damage, and have 1/42 hp.
It was a potion of berserk rage.
A red film seems to cover your vision as you go berserk!
You feel yourself moving faster!
You feel mighty! The hound bites you.
You die...

#### ..# ######## #.#
#......#
###########.####......#
.......@haW...>.......#
#.....######.#........#
#.... #.#........# #...
#.#.W......# ...
#..........# ..
##..#......# .
#..#......# ##.#......#
#.##.#####


You could see a hound, a worker ant and namelastname112's ghost.

Vanquished Creatures
  A centaur skeleton (D:4)
  5 adders
  A dart slug (D:1)
  A leopard gecko (D:1)
  7 bats
  2 giant cockroaches
  5 goblins
  4 hobgoblins
  4 jackals
  4 frilled lizards
  4 kobolds
  5 rats
43 creatures vanquished.

Notes
Turn   | Place    | Note
-------+----------+-------------------------------------------
     0 | D:1      | namelastname112 the Draconian Wanderer began the quest for the Orb.
     0 | D:1      | namelastname112 set off with: a +2 spear, the Disquisition on Poison, a scroll of teleportation, a bread ration
     0 | D:1      | Reached XP level 1. HP: 19/19 MP: 3/3
     0 | D:1      | Identified the Disquisition on Poison
   181 | D:1      | Reached XP level 2. HP: 24/27 MP: 5/5
   265 | D:1      | Reached skill level 1 in Dodging
   361 | D:1      | Reached skill level 4 in Fighting
   699 | D:2      | Reached XP level 3. HP: 33/33 MP: 6/6
  1130 | D:2      | Reached XP level 4. HP: 41/41 MP: 7/7
  1686 | D:3      | Noticed namelastname112's ghost (amateur DrWn)
  1858 | D:4      | Noticed namelastname112's ghost (amateur DrWn)
  1862 | D:4      | Reached skill level 5 in Fighting
  1899 | D:4      | HP: 1/42 [hound (4)]
  1900 | D:4      | Slain by a hound

Vault maps used:
D:1:      dpeg_arrival_more_subterranean_lakeside_camping
D:2:      first_bread
D:3:      zin_academy
D:4:      nicolae_ossuary_entry_monument, fedhas_altar_3

Skill      XL: |  1  2  3  4 |
---------------+-------------+-----
Dodging        | 1 2 |  2.5
Fighting       | 4 5 |  5.0
Throwing       | |  1.0
Shields        | |  1.0
Spellcasting   | |  2.0
Necromancy     | |  3.0

Action                   |  1- 3 |  4- 6 || total
-------------------------+-------+-------++-------
Melee: Spear             |   115 |    43 ||   158
       Tailslap          |     7 |     4 ||    11
  Use: Scroll            |     1 |       ||     1
       Potion            |       |     1 ||     1
 Stab: Sleeping          |     2 |       ||     2
  Eat: Chunk             |     4 |     6 ||    10
Armor: Skin              |    25 |    28 ||    53
Dodge: Dodged            |    73 |    38 ||   111
